 Dungeon Crawl Stone Soup version 0.29-a0-266-gf56f883ddd (webtiles) character file.

Game seed: 12481310734003059141

9056 bande the Cleaver (level 11, -11/67 HPs)
             Began as a Gargoyle Fighter on Mar 7, 2022.
             Was an Elder of Okawaru.
             Mangled by a tyrant leech (21 damage)
             ... on level 10 of the Dungeon.
             The game lasted 00:25:22 (16588 turns).

bande the Cleaver (Gargoyle Fighter)               Turns: 16588, Time: 00:25:22

Health: -11/67     AC: 34    Str: 20    XL:     11   Next: 40%
Magic:  14/14      EV:  9    Int:  9    God:    Okawaru [****..]
Gold:   650        SH: 10    Dex: 13    Spells: 10/10 levels left

rFire   + . .      SeeInvis .   E - +2 hand axe (vorpal)
rCold   . . .      Faith    .   b - +0 kite shield
rNeg    + . .      Spirit   .   G - +2 plate armour {rF+}
rPois   ∞          Reflect  .   (no helmet)
rElec   +          Harm     .   p - +2 cloak
rCorr   .          Rampage  .   l - +0 pair of gloves
Will    .....                   m - +0 pair of boots
Stlth   ..........              (no amulet)
HPRegen 0.21/turn               i - +4 ring of evasion
MPRegen 0.14/turn               x - +4 ring of protection

@: no status effects
A: sickness immunity, AC +8, negative energy resistance 1, electricity
resistance, torment resistance 1, petrification resistance
a: Renounce Religion, Heroism, Finesse


You were on level 10 of the Dungeon.
You worshipped Okawaru.
Okawaru was greatly pleased with you.
You visited 2 branches of the dungeon, and saw 11 of its levels.
You also visited: Sewer.

You collected 650 gold pieces.

Inventory:

Hand Weapons
 a - a +0 war axe of venom
 E - a +2 vorpal hand axe (weapon)
 K - a +0 morningstar
Missiles
 g - 3 throwing nets (quivered)
Armour
 b - a +0 kite shield (worn)
 l - a +0 pair of gloves (worn)
 m - a +0 pair of boots (worn)
 p - a +2 cloak (worn)
 G - a +2 plate armour of fire resistance (worn)
Jewellery
 i - a +4 ring of evasion (left hand)
 r - a ring of resist corrosion
 t - a ring of protection from cold
 x - a +4 ring of protection (right hand)
 H - a +6 ring of intelligence
Wands
 o - a wand of iceblast (11)
 q - a wand of charming (5)
 w - a wand of polymorph (9)
 y - a wand of mindburst (21)
 I - a wand of flame (13)
Scrolls
 c - 2 scrolls of blinking
 d - 2 scrolls of brand weapon
 j - 2 scrolls of fear
 n - a scroll of identify
 s - 4 scrolls of teleportation
 z - 2 scrolls of enchant armour
 B - a scroll of magic mapping
 D - a scroll of amnesia
 F - a scroll of fog
 J - a scroll of immolation {unknown}
Potions
 e - 4 potions of curing
 f - a potion of mutation
 h - 3 potions of flight
 k - 3 potions of haste
 u - a potion of degeneration {unknown}
 v - a potion of resistance
 A - a potion of magic {unknown}
 C - 2 potions of cancellation


   Skills:
 + Level 7.3 Fighting
 + Level 9.5 Axes
 + Level 9.2 Armour
 + Level 8.7 Shields
 * Level 5.3 Invocations
 * Level 4.8 Evocations


You had 10 spell levels left.
You didn't know any spells.
Your spell library contained the following spells:

 Spells                   Type           Power      Damage    Failure   Level
 Borgnjor's Vile Clutch   Necr/Erth      0%         N/A       100%        5
 Animate Dead             Necr           Unusable   N/A       N/A         4
 Death Channel            Necr           Unusable   N/A       N/A         6

Dungeon Overview and Level Annotations

Branches:
Dungeon (10/15)            Temple (1/1) D:6             Orc (0/2) D:10
  Sewer (visited)
   Lair: D:8-11

Altars:
Ashenzari
Cheibriados
Dithmenos
Elyvilon
Fedhas
Gozag
Hepliaklqana
Kikubaaqudgha
Makhleb
Nemelex Xobeh
Okawaru
Qazlal
Ru
Sif Muna
Trog
Xom
Yredelemnul
Zin
The Shining One

Shops:
D:3 [   D:5 (


Innate Abilities, Weirdness & Mutations

You are immune to sickness and miasma.
Your stone body is resilient. (AC +8)
You are immune to poison.
You resist negative energy. (rN+)
You are resistant to electric shocks. (rElec)
You are resistant to unholy torment.
You are immune to petrification.


Message History

The swamp worm is almost dead.
You hit the tyrant leech. You block the swamp worm's attack.
The tyrant leech closely misses you.
Unknown command.
Your unstable footing causes you to fumble your attack.
You block the swamp worm's attack.
You hit the swamp worm.
You kill the swamp worm!
Okawaru accepts your kill.
You hit the tyrant leech. The tyrant leech completely misses you.
The tyrant leech bites you!!
You see here a swamp worm corpse.
Why would you want to do that?
The tyrant leech bites you but does no damage.
The tyrant leech bites you!!
* * * LOW HITPOINT WARNING * * *
You block the tyrant leech's attack.
You miss the tyrant leech.
The tyrant leech is moderately wounded.
The tyrant leech bites you but does no damage.
You hit the tyrant leech.
The tyrant leech is moderately wounded.
You closely miss the tyrant leech.
The tyrant leech is moderately wounded.
You block the tyrant leech's attack.
You barely miss the tyrant leech.
The tyrant leech is moderately wounded.
You block the tyrant leech's attack.
You slash the tyrant leech!
The tyrant leech is heavily wounded.
The tyrant leech barely misses you.
You barely miss the tyrant leech.
The tyrant leech is heavily wounded.
You closely miss the tyrant leech.
The tyrant leech is heavily wounded.
You block the tyrant leech's attack.
You barely miss the tyrant leech.
The tyrant leech is heavily wounded.
The tyrant leech bites you!!
You die...

########≈≈≈≈≈.......#
.......≈≈≈≈≈≈≈......#
....#≈≈≈≈###≈≈≈≈....#
....≈≈≈###≈###≈≈≈...#
.<..≈≈# ≈≈≈≈#≈≈≈...#
...)≈≈# ≈≈≈≈≈≈≈...#
....≈≈# )[≈#≈≈≈...#
####≈≈≈# ≈###≈†≈.###
#≈≈≈≈ #≈≈≈w@.#
##≈≈≈≈≈≈≈##### ≈≈≈≈≈#
#####


You could see a tyrant leech.

Vanquished Creatures
  A two-headed ogre (D:10)
  Pikel (D:4)
  An ugly thing (D:9)
  Joseph (D:7)
  A gargoyle (D:5)
  3 polar bears (D:9)
  The ghost of SirDiesAlot the Magician, an amateur SpVM (D:3)
  8 yaks
  A wyvern (D:9)
  2 vampires
  2 steam dragons (D:9)
  Duvessa (D:5)
  A swamp worm (D:10)
  2 water moccasins
  Pargi (Sewer)
  A sky beast (D:7)
  2 black bears
  3 orc warriors
  The ghost of sammy202020 the Skirmisher, an amateur PaBe of Trog (D:2)
  An ogre (D:6)
  A wolf (D:9)
  A centaur (D:7)
  3 lemures
  3 phantoms (D:10)
  A kobold brigand (D:9)
  6 bullfrogs
  A gnoll sergeant (D:7)
  A necrophage (D:4)
  5 scorpions
  4 wights (D:6)
  Dowan (D:5)
  11 killer bees
  An electric eel (D:9)
  6 orc priests
  3 hounds
  Crazy Yiuf (D:2)
  6 jellies
  A gnoll shaman (D:6)
  Jessica (D:2)
  An iguana (D:4)
  Ijyb (D:5)
  7 orc wizards
  6 ogre zombies (D:10)
  18 gnolls
  7 adders
  6 white imps
  3 worms
  A dart slug (D:4)
  24 orcs
  10 ball pythons
  6 endoplasms
  2 giant cockroaches
  10 hobgoblins
  3 jackals
  2 quokkas (D:1)
  4 bats
  8 frilled lizards
  3 goblins
  2 goblin zombies (D:10)
  3 hobgoblin zombies (D:10)
  10 kobolds
  2 orc skeletons (D:10)
  7 orc zombies (D:10)
  4 rats
242 creatures vanquished.

Vanquished Creatures (others)
  6 fungi (D:10)
  11 plants (D:10)
17 creatures vanquished.

Grand Total: 259 creatures vanquished

Notes
Turn   | Place    | Note
-------+----------+-------------------------------------------
     0 | D:1      | bande the Gargoyle Fighter began the quest for the Orb.
     0 | D:1      | Reached XP level 1. HP: 14/14 MP: 1/1
    97 | D:1      | Reached XP level 2. HP: 10/19 MP: 2/2
   469 | D:1      | Found a faded altar of an unknown god.
  1062 | D:1      | Reached XP level 3. HP: 22/24 MP: 3/3
  1552 | D:2      | Reached XP level 4. HP: 12/29 MP: 4/4
  1804 | D:2      | Found a runed translucent door.
  1805 | D:2      | Noticed Crazy Yiuf
  2007 | D:2      | Noticed Jessica
  2031 | D:2      | Killed Jessica
  2032 | D:2      | Reached XP level 5. HP: 18/33 MP: 5/5
  2448 | D:2      | Killed Crazy Yiuf
  2609 | D:3      | Found a sparkling altar of Nemelex Xobeh.
  2691 | D:3      | Found Foanon's Antique Armour Emporium.
  3096 | D:3      | Found a runed translucent gate.
  3097 | D:3      | Found a runed translucent gate.
  3098 | D:3      | Found a runed translucent gate.
  3166 | D:3      | Noticed SirDiesAlot's ghost (amateur SpVM)
  3166 | D:3      | Noticed sammy202020's ghost (amateur PaBe)
  3315 | D:2      | Killed sammy202020's ghost
  3316 | D:2      | Reached XP level 6. HP: 38/38 MP: 6/6
  3570 | D:3      | Killed SirDiesAlot's ghost
  3754 | D:4      | Reached skill level 5 in Armour
  3885 | D:4      | Reached XP level 7. HP: 31/44 MP: 7/7
  3985 | D:4      | Reached skill level 5 in Axes
  4603 | D:5      | Entered Level 5 of the Dungeon
  4727 | D:5      | Noticed Pikel
  5002 | D:4      | HP: 2/44 [Pikel/+1 whip of flaming (2)]
  5008 | D:4      | Killed Pikel
  5009 | D:4      | Reached skill level 5 in Fighting
  5009 | D:4      | Reached skill level 5 in Shields
  5009 | D:4      | Reached XP level 8. HP: 20/49 MP: 8/8
  5580 | D:5      | HP: 2/49 [orc priest/divine providence (10)]
  6163 | D:5      | Found Unuil's Weapon Emporium.
  6434 | D:5      | Noticed Dowan
  6437 | D:5      | Noticed Duvessa
  6438 | D:5      | Killed Dowan
  6453 | D:5      | Killed Duvessa
  7384 | D:5      | Noticed Ijyb
  7394 | D:5      | Killed Ijyb
  7545 | D:5      | Reached XP level 9. HP: 54/54 MP: 9/9
  7588 | D:6      | Noticed a gargoyle
  7607 | D:5      | Killed a gargoyle
  7608 | D:5      | Reached skill level 1 in Evocations
  7723 | D:6      | Found a glowing drain.
  7733 | Sewer    | Entered a sewer
  8114 | Sewer    | Noticed Pargi
  8134 | Sewer    | Killed Pargi
  8318 | D:6      | Found a staircase to the Ecumenical Temple.
  8324 | Temple   | Entered the Ecumenical Temple
  8398 | Temple   | Became a worshipper of Warmaster Okawaru
  8579 | D:6      | Reached skill level 1 in Invocations
  8636 | D:6      | Identified the -5 pair of boots of Winter {Int+2}
  8666 | D:6      | Found a white marble altar of Elyvilon.
  8681 | D:6      | Found a burning altar of Makhleb.
 10434 | D:7      | Noticed Joseph
 10462 | D:7      | Killed Joseph
 10462 | D:7      | Reached * piety under Okawaru
 10776 | D:7      | Reached XP level 10. HP: 57/60 MP: 11/11
 11537 | D:8      | Found a stormy altar of Qazlal.
 11759 | D:8      | Reached ** piety under Okawaru
 12153 | D:8      | Found a blossoming altar of Fedhas.
 12545 | D:8      | Found a shimmering blue altar of Sif Muna.
 13327 | D:9      | HP: 3/61 [yak (10)]
 14750 | D:9      | Found a glowing golden altar of the Shining One.
 14825 | D:9      | Noticed a green ugly thing
 14837 | D:9      | Killed a green ugly thing
 14837 | D:9      | Reached *** piety under Okawaru
 15091 | D:9      | Reached XP level 11. HP: 60/66 MP: 14/14
 15357 | D:10     | Entered Level 10 of the Dungeon
 15406 | D:10     | Found a staircase to the Orcish Mines.
 15634 | D:10     | Reached **** piety under Okawaru
 15635 | D:10     | Reached skill level 5 in Invocations
 15872 | D:10     | Noticed a two-headed ogre
 15893 | D:10     | Killed a two-headed ogre
 16588 | D:10     | Mangled by a tyrant leech

Illustrated notes

Levels and vault maps discovered:
D:1:      dpeg_arrival_tiny_a, layout_basic, basic_ecumenical_altar
D:2:      layout_basic, amcnicky_mini_rare_corridor_liquid,
          uniq_crazy_yiuf_cottage, uniq_jessica
D:3:      layout_basic, overflow_temple_1_default, gammafunk_ghost_cemetery,
          serial_shops, shop_fountains
D:4:      minmay_diamond_boxcup, layout_basic, dreamdust_mushroom_princess
D:5:      layout_basic, serial_shops, shop, roderic_lattice_a, uniq_pikel,
          uniq_duvessa, uniq_ijyb
D:6:      layout_loops_ring, mainiacjoe_overflow_catwalk_spiral,
          minmay_temple_entry_glassed_door, cheibrodos_sewer_entry_drain
D:7:      layout_loops_corners, minmay_misc_feat_tower, corner_web_ring,
          uniq_joseph
D:8:      layout_loops_corners, grunt_temple_overflow_forces_of_nature,
          lemuel_round_altar
D:9:      layout_roguey, mainiacjoe_overflow_cross_hatched, serial_ice,
          serial_ice_l, serial_ice_b, serial_ice_m, serial_ice_a, serial_ice_f,
          serial_ice_c
D:10:     layout_stronghold, grunt_lair_entry_orc_guard_hut, zombieorc1_lemuel,
          kennysheep_nub, chequers_arboretum, minmay_misc_feat_doors,
          worms_lemuel
Temple:   regret_index_temple_waves

Skill      XL: |  1  2  3  4  5  6  7  8  9 10 11 |
---------------+----------------------------------+-----
Axes           | 2 3 4 6 8 9 |  9.5
Armour         | 4 5 6 7 8 9 |  9.2
Fighting       | 4 5 6 7 |  7.3
Shields        | 4 5 7 8 |  8.7
Evocations     | 2 4 |  4.8
Invocations    | 2 4 5 |  5.3

Action                   |  1- 3 |  4- 6 |  7- 9 | 10-12 || total
-------------------------+-------+-------+-------+-------++-------
Melee: War axe           |    71 |   151 |   266 |       ||   488
       Hand axe          |       |       |   146 |   707 ||   853
Invok: Heroism           |       |       |       |     1 ||     1
  Use: Scroll            |       |     5 |    12 |       ||    17
       Potion            |       |       |     6 |     4 ||    10
Armor: Scale mail        |    39 |     8 |       |       ||    47
       Chain mail        |       |    78 |   192 |    50 ||   320
       Plate armour      |       |       |       |   361 ||   361
Dodge: Dodged            |    44 |    66 |   161 |   233 ||   504
Block: Buckler           |    13 |     6 |       |       ||    19
       Kite shield       |       |    45 |   219 |   365 ||   629

Table legend: (Time is in decaauts)
 A = Elapsed time spent in this place.
 B = Non-inter-level travel time spent in this place.
 C = Inter-level travel time spent in this place.
 D = Time resting spent in this place.
 E = Time spent auto-exploring this place.
 F = Levels seen in this place.
 G = Mean time per level.
                   A        B        C        D        E       F      G
               +--------+--------+--------+--------+--------+-----+--------+
         Total |  16871 |  16491 |    380 |   6953 |   6634 |  12 | 1405.9 |
       Dungeon |  16176 |  15822 |    354 |   6602 |   6443 |  10 | 1617.6 |
        Temple |    105 |     79 |     26 |      0 |     57 |   1 |  105.0 |
         Sewer |    590 |    590 |      0 |    351 |    133 |   1 |  590.0 |
               +--------+--------+--------+--------+--------+-----+--------+

Top non-repeatable levels by time:
     D:9: 2721 daAuts
     D:5: 2287 daAuts
     D:2: 1750 daAuts
     D:4: 1731 daAuts
     D:7: 1659 daAuts
     D:6: 1554 daAuts
    D:10: 1230 daAuts
     D:8: 1217 daAuts
     D:1: 1168 daAuts
     D:3: 855 daAuts
   Sewer: 590 daAuts
  Temple: 105 daAuts
